 Dungeon Crawl Stone Soup version 0.32-a0-673-g3729bd50f8 (webtiles) character file.

Game seed: 13927562258451263724

2011 ragingrage the Slicer (level 9, -22/52 HPs)
             Began as a Kobold Shapeshifter on Mar 10, 2024.
             Was an Initiate of Gozag.
             Killed by an exploding kobold brigand (31 damage)
             ... ignited by their inner flame
             ... on level 8 of the Dungeon.
             The game lasted 00:11:10 (7934 turns).

ragingrage the Slicer (Kobold Shapeshifter)         Turns: 7934, Time: 00:11:11

Health: -22/52     AC:  8    Str: 11    XL:     9   Next: 46%
Magic:  18/18      EV: 16    Int:  9    God:    Gozag
Gold:   656        SH:  0    Dex: 19    Spells: 0/8 levels left

rFire   . . .        a - +1 dagger (drain)
rCold   . . .        (no shield)
rNeg    . . .        A - +0 leather armour {rPois}
rPois   +            g - +1 helmet
rElec   .            u - +0 cloak
rCorr   .            (no gloves)
SInv    .            D - +0 pair of boots {Fly}
Will    +....        (no amulet)
Stlth   +++          I - ring of magical power
HPRegen 0.28/turn    l - ring of poison resistance
MPRegen 0.16/turn

%: clarity
@: about to teleport, gold aura, flying
A: small, no large weapons, nightstalker 3, clarity, dopey 1, strong-willed 1,
shaggy fur 1
a: Renounce Religion, Potion Petition, Call Merchant, Bribe Branch


You were on level 8 of the Dungeon.
You worshipped Gozag.
Gozag was pleased with you.
You visited 1 branch of the dungeon, and saw 8 of its levels.

You collected 936 gold pieces.
You spent 225 gold pieces at shops.
You paid 55 gold pieces to Gozag.

Inventory:

Hand Weapons
 a - a +1 dagger of draining (weapon)
 b - a +2 dagger of venom
 c - a +2 dagger of holy wrath
 j - a +0 orcbow
Missiles
 t - 25 poisoned darts (quivered)
 N - a curare-tipped dart
Armour
 g - a +1 helmet (worn)
 r - a scarf of resistance
 u - a +0 cloak (worn)
 A - a +0 leather armour of poison resistance (worn)
 D - a +0 pair of boots of flying (worn)
 J - a +0 buckler
Jewellery
 l - a ring of poison resistance (right hand)
 n - a ring of protection from fire
 I - a ring of magical power (left hand)
Wands
 o - a wand of acid (5)
 L - a wand of flame (14)
Scrolls
 d - 3 scrolls of poison
 h - a scroll of fog
 k - 5 scrolls of vulnerability
 s - a scroll of enchant armour
 w - a scroll of blinking
 x - a scroll of enchant weapon
 E - 2 scrolls of noise
 G - a scroll of revelation {unknown}
 H - a scroll of butterflies
Potions
 e - a potion of haste {unknown}
 f - 3 potions of might
 m - a potion of cancellation {unknown}
 q - a potion of degeneration
 v - 7 potions of lignification
 B - a potion of invisibility {unknown}
 C - 4 potions of curing
 F - 3 potions of enlightenment {unknown}
 K - a potion of attraction {unknown}


   Skills:
 + Level 4.2 Fighting
 - Level 10.0 Short Blades
 + Level 3.9 Ranged Weapons
 - Level 5.0 Dodging
 - Level 2.0 Stealth
 - Level 3.4 Unarmed Combat
 + Level 4.1 Hexes
 + Level 3.7 Ice Magic
 - Level 3.0 Shapeshifting


You couldn't memorise any spells.
You knew the following spells:

 Your Spells              Type           Power      Damage    Failure   Level
a - Ensorcelled Hibernat  Hex/Ice        14%        N/A       16%         2
b - Passwall              Erth           0%         N/A       85%         3
c - Frozen Ramparts       Ice            12%        1d2       34%         3

Your spell library contained the following spells:

 Spells                   Type           Power      Damage    Failure   Level
 Freeze                   Ice            24%        1d4       12%         1
 Inner Flame              Hex/Fire       3%         N/A       56%         3
 Hailstorm                Conj/Ice       3%         3d5       58%         3
 Swiftness                Air            0%         N/A       85%         3
 Irradiate                Conj/Alch      0%         3d11      100%        5
 Ignition                 Fire           0%         3d3       100%        8
 Chain Lightning          Conj/Air       0%         N/A       100%        9
 Fire Storm               Conj/Fire      0%         5d1       100%        9
 Shatter                  Erth           0%         3d5*      100%        9


Dungeon Overview and Level Annotations

Branches:
Dungeon (8/15)             Temple (0/1) D:4
   Lair: D:8-11

Altars:
Fedhas
Gozag
Hepliaklqana
Sif Muna
Wu Jian
Yredelemnul

Shops:
D:5 [   D:7 :

Annotations:
D:3 Ijyb
D:7 1 runed translucent door, Crazy Yiuf
D:8 Maurice


Innate Abilities, Weirdness & Mutations

You are small and have problems with some larger weapons.
You are completely attuned to the shadows.
You possess an exceptional clarity of mind.
You are dopey. (Int -2)
You are strong-willed. (Will+)
You are covered in fur. (AC +1)


Message History

The kobold brigand throws a poisoned dart.
The poisoned dart hits you! The kobold brigand barely misses you.
Things that are here:
9 gold pieces; a +0 whip You hit the kobold brigand.
You drain the kobold brigand. You hit the kobold brigand.
You drain the kobold brigand. You barely miss the kobold brigand.
You hit the kobold brigand but do no damage.
The kobold brigand hits you with a +0 dagger.
You hit the kobold brigand. The kobold barely misses you.
You completely miss the kobold brigand.
The kobold brigand hits you with a +0 dagger.
You hit the kobold brigand but do no damage.
You drain the kobold brigand.
Maurice the Thief comes into view.
He is wielding a +2 dagger of venom and carrying a wand of iceblast.
The kobold misses you.
Okay, then.
As you read the scroll labelled SEANIN VIOJAYJ, it crumbles to dust.
The creatures around you are filled with an inner flame!
It was a scroll of immolation.
The kobold brigand closely misses you. The kobold barely misses you.
As you read the scroll of teleportation, it crumbles to dust.
You feel strangely unstable. The kobold brigand closely misses you.
The kobold misses you.
Maurice shouts!
You hit the kobold.
Flame seeps out of the kobold.
You drain the kobold.
The kobold explodes!
The fiery explosion engulfs you!!
Ouch! That really hurt!
The fiery explosion engulfs the kobold brigand!
Flame seeps out of the kobold brigand.
You are engulfed in blazing flames.
* * * LOW HITPOINT WARNING * * *
You hear a croak.
The kobold brigand is engulfed in blazing flames.
The kobold brigand explodes!
The fiery explosion engulfs you!!
Ouch! That really hurt!
You die...
Your body crumbles into a pile of gold.

###### .....#
.###.######### ######
.............#
#....########.........#
#.##.......)..........####
#.############...........#
#...<....#####.####)....>#
####.......@§#....)).....#
#####f###○#######.)...#
......§..... #.....#
#######$..... #....####
.....$............
###.....##..#......
#.#######.#...... #......
.......


You could see Maurice (inner flame).

Vanquished Creatures
  A water moccasin (D:5)
  A sky beast (D:8)
  An ice beast (D:5)
  2 orc warriors (D:5)
  A black bear (D:4)
  A centaur (D:7)
  2 phantoms
  2 kobold brigands (D:8)
  A bullfrog (D:8)
  A gnoll sergeant (D:5)
  3 scorpions
  A wight (D:3)
  A howler monkey (D:8)
  2 bombardier beetles
  3 hounds
  A jelly (D:5)
  2 orc priests
  A sleepcap (D:3)
  4 iguanas
  3 orc wizards
  Robin (D:2)
  8 adders
  6 gnolls
  2 white imps (D:5)
  2 ufetubi (D:5)
  2 dart slugs
  20 orcs
  6 bats
  4 endoplasms
  6 giant cockroaches
  17 goblins
  8 hobgoblins
  6 jackals (D:2)
  21 kobolds
  4 quokkas
  3 ball pythons
  2 frilled lizards
  3 rats
155 creatures vanquished.

Notes
Turn   | Place    | Note
-------+----------+-------------------------------------------
     0 | D:1      | ragingrage the Kobold Shapeshifter began the quest for the
                  | Orb.
     0 | D:1      | Reached XP level 1. HP: 12/12 MP: 1/1
   409 | D:1      | Reached XP level 2. HP: 16/16 MP: 2/2
   504 | D:1      | Reached skill level 1 in Short Blades
   734 | D:1      | Reached skill level 1 in Stealth
   904 | D:1      | Reached XP level 3. HP: 20/20 MP: 3/3
  1291 | D:2      | Noticed Robin
  1312 | D:2      | Reached skill level 2 in Short Blades
  1390 | D:2      | Killed Robin
  1422 | D:2      | Reached skill level 3 in Short Blades
  1574 | D:2      | Learned a level 2 spell: Ensorcelled Hibernation
  1579 | D:2      | Reached XP level 4. HP: 22/25 MP: 4/4
  2301 | D:3      | Noticed a phantom
  2330 | D:3      | Killed a phantom
  2331 | D:3      | Reached skill level 4 in Short Blades
  2331 | D:3      | Reached skill level 1 in Hexes
  2331 | D:3      | Reached skill level 1 in Ice Magic
  2331 | D:3      | Reached XP level 5. HP: 25/29 MP: 5/5
  2434 | D:3      | Reached XP level 6. HP: 19/34 MP: 6/6
  2659 | D:3      | Noticed Ijyb
  2918 | D:3      | Gained mutation: You are covered in fur. (AC +1) [potion of
                  | mutation]
  2918 | D:3      | Gained mutation: You are dopey. (Int -2) [potion of
                  | mutation]
  2918 | D:3      | Gained mutation: You possess an exceptional clarity of
                  | mind. [potion of mutation]
  2918 | D:3      | Gained mutation: You are strong-willed. (Will+) [potion of
                  | mutation]
  3112 | D:4      | Noticed a black bear
  3126 | D:4      | Learned a level 3 spell: Passwall
  3151 | D:4      | Found an opulent altar of Gozag.
  3173 | D:4      | Became a worshipper of Gozag Ym Sagoz the Greedy
  3290 | D:4      | Reached skill level 5 in Short Blades
  3328 | D:4      | Noticed a black bear
  3334 | D:4      | Killed a black bear
  3335 | D:4      | Reached XP level 7. HP: 33/38 MP: 7/7
  3393 | D:4      | Found a staircase to the Ecumenical Temple.
  3441 | D:4      | Reached skill level 6 in Short Blades
  3674 | D:4      | You are sucked into a shaft and drop 1 floor!
  3674 | D:5      | Entered Level 5 of the Dungeon
  3684 | D:5      | Reached skill level 7 in Short Blades
  3771 | D:5      | Noticed a water moccasin
  3778 | D:5      | Killed a water moccasin
  3837 | D:5      | Found Wizug's Antique Armour Shop.
  3842 | D:5      | Bought a pair of glowing boots for 225 gold pieces
  3916 | D:5      | Found a sand-covered staircase.
  3937 | D:5      | Found a basalt altar of Yredelemnul.
  3941 | D:5      | Reached skill level 8 in Short Blades
  3946 | D:5      | Found a shimmering blue altar of Sif Muna.
  3953 | D:5      | Found a blossoming altar of Fedhas.
  4055 | D:5      | Reached XP level 8. HP: 40/43 MP: 8/8
  4282 | D:5      | Reached skill level 9 in Short Blades
  4780 | D:5      | Found a hazy altar of Hepliaklqana.
  5086 | D:5      | Reached skill level 10 in Short Blades
  5673 | D:5      | Reached skill level 1 in Ranged Weapons
  6086 | D:5      | Reached XP level 9. HP: 45/50 MP: 9/9
  6451 | D:6      | Identified the +0 trident "Gagacaem" {elec, rN+ rCorr
                  | Int+3}
  6586 | D:6      | Learned a level 3 spell: Frozen Ramparts
  6700 | D:7      | Found an ornate altar of the Wu Jian Council.
  7067 | D:7      | Found Foeca's Book Boutique.
  7424 | D:7      | Found a runed translucent door.
  7427 | D:7      | Noticed Crazy Yiuf
  7765 | D:8      | Reached skill level 5 in Dodging
  7931 | D:8      | Noticed Maurice
  7934 | D:8      | Killed by an exploding kobold brigand... ignited by their
                  | inner flame

Illustrated notes

Levels and vault maps discovered:
D:1:      wander_arrival_abandoned_jail, layout_loops_corners
D:2:      layout_basic, uniq_robin
D:3:      layout_rooms, uniq_sigmund, uniq_ijyb
D:4:      layout_gridville, old_standard_altar, temple_statues
D:5:      kennysheep_six_static_rooms, layout_basic,
          nicolae_hepliaklqana_hippocampus, grunt_temple_overflow_diamond,
          nicolae_ossuary_entry_ruins, serial_aquarium, aquarium_bridge_straight
          [aquarium_subvault_bridge, aquarium_subvault_window,
          aquarium_subvault_bridge, aquarium_subvault_wall],
          aquarium_bridge_straight [aquarium_subvault_bridge,
          aquarium_subvault_wall, aquarium_subvault_bridge,
          aquarium_subvault_wall], aquarium_window_2, aquarium_window_corner,
          aquarium_window_corner, aquarium_view_2f, aquarium_view_2a,
          aquarium_pool_2, serial_shops, shop, grunt_ministairs_4,
          guppyfry_early_orc_mine
D:6:      layout_rooms, lightli_minifort
D:7:      layout_cave_pools, mainiacjoe_overflow_24_doors, minivault_26,
          nicolae_inconvenience_store, uniq_crazy_yiuf_cottage
D:8:      layout_basic, serial_shops, shop, uniq_maurice

Skill      XL: |  1  2  3  4  5  6  7  8  9 |
---------------+----------------------------+-----
Short Blades   | 1 3 4 5 8 10 | 10.0
Stealth        | 1 2 |  2.0
Hexes          | 1 2 3 4 |  4.1
Ice Magic      | 1 2 3 |  3.7
Dodging        | 4 5 |  5.0
Fighting       | 3 4 |  4.2
Ranged Weapons | 2 3 |  3.9
Unarmed Combat | |  3.4
Shapeshifting  | |  3.0

Action                     |  1- 3 |  4- 6 |  7- 9 || total
---------------------------+-------+-------+-------++-------
  Melee: Unarmed           |    14 |     7 |       ||    21
         Short sword       |    26 |       |       ||    26
         Dagger            |    44 |   142 |   438 ||   624
         Punch             |       |     1 |       ||     1
   Cast: Ensorcelled Hiber |       |       |     1 ||     1
    Use: Potion            |       |     4 |       ||     4
         Scroll            |       |     2 |    10 ||    12
   Stab: Sleeping          |     6 |    13 |    12 ||    31
         Distracted        |       |     2 |     1 ||     3
 Armour: Animal skin       |     7 |       |       ||     7
         Ring mail         |    28 |    60 |       ||    88
         Skin              |       |     5 |       ||     5
         Leather armour    |       |     3 |   124 ||   127
  Dodge: Dodged            |    32 |    78 |   198 ||   308
         Form:             |       |     1 |       ||     1

Table legend: (Time is in decaauts)
 A = Elapsed time spent in this place.
 B = Non-inter-level travel time spent in this place.
 C = Inter-level travel time spent in this place.
 D = Time resting spent in this place.
 E = Time spent auto-exploring this place.
 F = Levels seen in this place.
 G = Mean time per level.
                   A        B        C        D        E       F      G
               +--------+--------+--------+--------+--------+-----+--------+
         Total |   7644 |   7257 |    387 |    803 |   4978 |   8 |  955.5 |
       Dungeon |   7644 |   7257 |    387 |    803 |   4978 |   8 |  955.5 |
               +--------+--------+--------+--------+--------+-----+--------+

Top non-repeatable levels by time:
     D:5: 2142 daAuts
     D:1: 1179 daAuts
     D:2: 1152 daAuts
     D:7: 828 daAuts
     D:4: 727 daAuts
     D:6: 673 daAuts
     D:3: 537 daAuts
     D:8: 404 daAuts
